 Dungeon Crawl Stone Soup version 0.26.1-11-gd32895ea62 (webtiles) character file.

Game seed: 7217370278668565880

67 Dathi the Ruffian (level 4, 0/35 HPs)
             Began as a Formicid Monk on June 28, 2021.
             Was a Follower of Uskayaw.
             Slain by a ball python (1 damage)
             ... on level 2 of the Dungeon.
             The game lasted 00:28:48 (3177 turns).

Dathi the Ruffian (Formicid Monk)                   Turns: 3177, Time: 00:28:48

Health: 0/35       AC:  2    Str: 17    XL:     4   Next: 40%
Magic:  4/4        EV: 10    Int:  9    God:    Uskayaw [*.....]
Gold:   116        SH:  0    Dex: 13    Spells: 3/3 levels left

rFire    . . .     SeeInvis +     - Unarmed
rCold    . . .     Faith    .   (no shield)
rNeg     . . .     Spirit   .   a - +0 robe
rPois    .         Reflect  .   (helmet unavailable)
rElec    .         Harm     .   (no cloak)
rCorr    .         Rampage  .   (no gloves)
Will     .....                  (no boots)
Stlth    ++........             (no amulet)
HPRegen  0.11/turn              (no ring)
MPRegen  0.09/turn              (no ring)

@: constricted
A: permanent stasis, dig shafts and tunnels, four strong arms, antennae 3
a: Dig, Shaft Self, Renounce Religion, Stomp


You were on level 2 of the Dungeon.
You worshipped Uskayaw.
Uskayaw was noncommittal.
You visited 1 branch of the dungeon, and saw 3 of its levels.

You collected 116 gold pieces.

Inventory:

Hand Weapons
 g - a +0 club
 h - a +0 club
 i - a +0 dagger
 j - a +0 club
 l - a +0 dagger
 n - a +0 club
 p - a +0 short sword
 r - a +0 whip
 s - a +0 dagger
 u - a +0 club
 v - a +0 dagger
 x - a +3 hunting sling
 y - a +0 dagger
 A - a +0 halberd of flaming
 C - a +0 dagger
 E - a +0 whip
 G - a +0 long sword
 L - a +0 hand axe
 M - a +0 whip
 R - a +0 hand axe
 Y - a +0 dagger
Missiles
 c - 27 stones
 t - 11 arrows
 B - 10 sling bullets
 S - 7 boomerangs
 X - 16 bolts
Armour
 a - a +0 robe (worn)
 d - a +0 robe
 f - a cursed +0 leather armour
 F - a +0 ring mail
 H - a +0 helmet
 N - a +0 robe
 Q - a +0 leather armour
 V - a +0 leather armour
Jewellery
 m - an uncursed ring of wizardry {unknown}
 U - a cursed ring of teleportation {unknown}
Scrolls
 b - a scroll of random uselessness {unknown}
 e - 6 scrolls of identify {unknown}
 o - a scroll of immolation {unknown}
 q - a scroll of remove curse {unknown}
 z - a scroll of teleportation {unknown}
 W - a scroll of fear {unknown}
Potions
 k - 3 potions of haste {unknown}
 w - a potion of cancellation {unknown}
 D - 3 potions of heal wounds {unknown}
 I - 2 potions of might {unknown}
 J - a potion of flight {unknown}
 K - a potion of attraction {unknown}
 O - a potion of brilliance {unknown}
 P - a potion of magic {unknown}
 T - a potion of lignification {unknown}


   Skills:
 + Level 3.4 Fighting
 + Level 3.3 Dodging
 + Level 3.4 Stealth
 + Level 3.8 Unarmed Combat


You had 3 spell levels left.
You didn't know any spells.
Your spell library contained the following spells:

 Spells                   Type           Power        Failure   Level
 Corona                   Hex            0%           38%         1
 Ensorcelled Hibernation  Hex/Ice        0%           52%         2
 Confusing Touch          Hex            0%           77%         3
 Dazzling Flash           Conj/Hex       0%           77%         3
 Tukima's Dance           Hex            0%           77%         3


Dungeon Overview and Level Annotations

Branches:
Dungeon (3/15)

Altars:
Ru
Uskayaw


Innate Abilities, Weirdness & Mutations

You cannot be hasted, slowed, berserked, paralysed or teleported.
You can dig through walls and to a lower floor.
Your four strong arms can wield two-handed weapons with a shield.
You have a pair of large antennae on your head. (SInv)


Message History

The ball python barely misses you. The ball python grabs you.
* * * LOW HITPOINT WARNING * * *
The ball python constricts you.
You escape the ball python's grasp.
There is a stone staircase leading up here.
The ball python barely misses you. The ball python grabs you.
You stop ascending the stairs.
* * * LOW HITPOINT WARNING * * *
The ball python constricts you.
The ball python bites you but does no damage.
The ball python constricts you.
You can't go down here!
You escape the ball python's grasp.
You climb upwards.
There is a stone staircase leading down here.
You closely miss the ball python. The ball python bites you.
* * * LOW HITPOINT WARNING * * *
The ball python grabs you. The ball python constricts you.
You barely miss the ball python. The ball python bites you.
You die...

..#.....##...#..........#+######.
..#.....#........................
..#.....#..##....................
.<....###....................####
#####.# ##.##....##..........#
####'####.##................#
#......##.##...............†#
#......##.##.#...#..........#
#......'.....#.@S+..........#
#......##.####..##..........#
#......##.......#######'#####
#......########.# #.....#
#......# #.# #.##### #......# #.#
#.# #......# #.# #.# ######## #.#
#.# #.# #.#


You could see a ball python.

Vanquished Creatures
  An adder (D:3)
  2 dart slugs
  3 leopard geckos
  3 orcs (D:3)
  6 bats
  4 giant cockroaches
  9 goblins
  9 kobolds
  2 ball pythons
  A frilled lizard (D:1)
  5 rats
45 creatures vanquished.

Notes
Turn   | Place    | Note
-------+----------+-------------------------------------------
     0 | D:1      | Dathi the Formicid Monk began the quest for the Orb.
     0 | D:1      | Reached XP level 1. HP: 18/18 MP: 1/1
   210 | D:1      | Reached XP level 2. HP: 23/24 MP: 2/2
   841 | D:1      | Reached XP level 3. HP: 29/29 MP: 3/3
  1943 | D:2      | Noticed a +0 dagger
  1943 | D:2      | Noticed a +0 hand axe
  1944 | D:2      | Found a hide-covered altar of Uskayaw.
  1967 | D:2      | Became a worshipper of Uskayaw the Reveller
  1967 | D:2      | Reached * piety under Uskayaw
  2674 | D:3      | Reached XP level 4. HP: 35/35 MP: 4/4
  2679 | D:3      | Reached ** piety under Uskayaw
  3044 | D:3      | Found a sacrificial altar of Ru.
  3176 | D:2      | HP: 1/35 [ball python (1)]
  3177 | D:2      | Slain by a ball python

Illustrated notes

Levels and vault maps discovered:
D:1:      lightli_molten_gateway, layout_loops_cross, chequers_jeans,
          st_stairs_2, item_on_display_a
D:2:      layout_basic, dancing_weapons_uskayaw, dk_vineyard_2
D:3:      layout_basic, old_standard_altar, kennysheep_nondescript,
          minmay_misc_feat_rows, tso_altar

Skill      XL: |  1  2  3  4 |
---------------+-------------+-----
Dodging        | 3 |  3.3
Stealth        | 3 |  3.4
Fighting       | |  3.4
Unarmed Combat | |  3.8

Action                   |  1- 3 |  4- 6 || total
-------------------------+-------+-------++-------
Melee: Unarmed           |   103 |    45 ||   148
       Punch             |     1 |     1 ||     2
Throw: Stone             |     8 |       ||     8
Invok: Stomp             |     1 |     1 ||     2
 Abil: Dig               |    10 |       ||    10
 Stab: Sleeping          |     3 |     1 ||     4
Armor: Robe              |    14 |    11 ||    25
Dodge: Dodged            |    61 |    33 ||    94
